Map: 얼어붙은 사원

Players

lllllll - Winner!

  • Race: Zerg Zerg
  • League: Grandmaster

llllllllllll (Scarlett)

  • Race: Zerg Zerg
  • League: Grandmaster

VOD

Have the link to the VOD?

Description

Time

  • Played on: April 10, 2016, 6:03 a.m.
  • Length: 6:49
Show
View Real Time Build Order
Export as new Build Order

lllllll Zerg - Winner!

Build Orders: Hatch First, Zergling Baneling 

Get SALT Encoding   

  12  0:01  Drone  
  13  0:12  Overlord  
  13  0:18  Drone  
  14  0:31  Drone x2  
  14  0:34  Drone  
  17  0:52  Hatchery  
  17  0:54  Drone  
  17  0:57  Drone  
  18  1:04  Extractor  
  17  1:13  Spawning Pool  
  17  1:16  Drone  
  17  1:19  Drone  
  18  1:28  Drone  
  19  1:39  Overlord  
  19  1:51  Drone  
  20  1:59  Queen  
  20  2:00  Zergling x2  
  23  2:04  Metabolic Boost, Queen  
  23  2:07  Drone  
  26  2:11  Drone  
  26  2:15  Drone  
  28  2:27  Baneling Nest, Drone x2  
  29  2:33  Drone  
  30  2:37  Queen  
  30  2:40  Overlord  
  32  2:44  Drone  
  32  2:52  Overlord  
  32  2:56  Overlord  
  32  3:11  Zergling x12  
  38  3:17  Zergling x4  
  38  3:18  Zergling x2  
  39  3:27  Zergling x4  
  39  3:33  Zergling x2  
  42  3:38  Zergling x2  
  43  3:41  Zergling x2  
  43  3:43  Baneling  
  43  3:44  Baneling x3  
  43  3:45  Zergling x6  
  47  3:49  Zergling x2  
  47  3:50  Zergling x4  
  47  3:52  Baneling x2  
  47  3:53  Zergling x2  
  50  4:00  Zergling x2  
  47  4:12  Zergling x2  
  47  4:13  Zergling x4  
  44  4:18  Zergling x2  
  44  4:19  Zergling x4  
  44  4:20  Zergling x4  
  44  4:22  Zergling x4  
  48  4:24  Zergling x2  
  46  4:33  Zergling x2  
  46  4:38  Zergling x2  
  45  4:44  Zergling x2  
  44  4:47  Baneling  
  44  4:48  Baneling x3  
  44  4:49  Zergling x2  
  45  4:57  Drone  
  45  4:59  Drone  
  46  5:01  Zergling x2  
  46  5:03  Zergling x4  
  46  5:04  Zergling x4  
  46  5:05  Zergling x2  
  46  5:18  Zergling x2  
  46  5:19  Zergling x2  
  46  5:25  Baneling  
  46  5:26  Zergling x8, Baneling  
  46  5:27  Zergling x2  
  50  5:39  Hatchery  
  41  5:43  Zergling x2  
  41  5:44  Zergling x4  
  41  5:45  Zergling x2  
  41  5:47  Zergling x2  
  46  5:55  Zergling x2  
  44  5:58  Zergling x4  
  44  5:59  Zergling x2  
  44  6:00  Zergling x2  
  46  6:06  Zergling x2  
  46  6:07  Baneling x4  
  46  6:09  Zergling x6  
  46  6:11  Zergling x2  
  49  6:24  Zergling x4  
Show
View Real Time Build Order
Export as new Build Order

llllllllllll Zerg 

Build Orders: Pool First 

Get SALT Encoding   

  12  0:00  Drone  
  13  0:08  Drone  
  14  0:17  Overlord  
  14  0:23  Drone, Extractor  
  15  0:36  Drone x2  
  15  0:40  Extractor  
  16  0:46  Drone  
  17  0:50  Spawning Pool  
  16  0:57  Drone  
  17  1:05  Drone  
  18  1:19  Hatchery  
  17  1:26  Drone  
  18  1:36  Queen  
  20  1:41  Metabolic Boost  
  20  1:45  Zergling x2  
  21  1:50  Overlord  
  21  1:53  Drone  
  22  1:59  Evolution Chamber  
  21  2:03  Drone  
  22  2:12  Queen  
  24  2:23  Drone  
  24  2:25  Zerg Melee Weapons Level 1  
  25  2:31  Zergling x2  
  25  2:34  Drone x2  
  28  2:51  Drone x4  
  31  2:53  Queen  
  34  3:03  Drone  
  34  3:04  Drone  
  36  3:09  Spine Crawler  
  36  3:10  Zergling x2  
  36  3:25  Overlord  
  35  3:28  Zergling x2  
  35  3:32  Overlord  
  36  3:42  Baneling Nest  
  36  3:43  Zergling x2  
  36  3:45  Zergling x14  
  43  3:58  Zergling x4  
  43  4:00  Queen x2  
  49  4:03  Zergling x4  
  50  4:13  Zergling x2  
  50  4:14  Zergling x6  
  36  4:26  Zergling x4  
  36  4:27  Baneling  
  36  4:28  Zergling x2  
  34  4:39  Drone x2  
  34  4:42  Queen  
  37  4:51  Drone  
  37  4:52  Drone, Lair  
  38  5:12  Zergling x4  
  40  5:17  Zergling x2  
  40  5:18  Zergling x2  
  40  5:20  Zergling x2  
  40  5:24  Baneling  
  40  5:26  Baneling  
  40  5:30  Zergling x8  
  40  5:31  Zergling x6  
  44  5:44  Drone  
  44  5:45  Drone  
  45  5:56  Drone  
  45  5:57  Drone  
  38  6:05  Drone x4  
  38  6:10  Baneling x2  
  42  6:13  Drone  
  42  6:14  Drone  
  44  6:22  Extractor  
Tags
 
Add a new tag
Caveats
  • Supply blocks, unpowered buildings, or Contaminate may cause inaccurate times.
  • Supply counts are checked every 10 seconds.